 Dungeon Crawl Stone Soup version 0.18.1-48-g4cf74bf (webtiles) character file.

2638 Lennu the Reanimator (level 9, -1/81 HPs)
             Began as a Deep Dwarf Necromancer on July 7, 2016.
             Was a Follower of Makhleb.
             Slain by an orc priest
             ... wielding a +0 flail
              (6 damage)
             ... on level 8 of the Dungeon.
             The game lasted 00:33:24 (9721 turns).

Lennu the Reanimator (Deep Dwarf Necromancer)       Turns: 9721, Time: 00:33:24

Health: -1/81      AC: 13    Str: 18 (19) XL:     9   Next: 35%
Magic:  25/25      EV: 11    Int: 14 (15) God:    Makhleb [*.....]
Gold:   249        SH:  0    Dex: 13 (16) Spells: 2 memorised, 14 levels left

rFire  . . .     SeeInvis .     h - +3 falchion
rCold  . . .     Gourm    .     r - +6 scale mail of Impressiveness {Str+6}
rNeg   . . .     Faith    .     (no shield)
rPois  .         Spirit   .     (no helmet)
rElec  .         Dismiss  .     (no cloak)
rCorr  .         Reflect  .     (no gloves)
SustAt .         Harm     .     (no boots)
MR     +....                    (no amulet)
Stlth  ..........               l - ring of magical power
                                (no ring)

@: fainting, non-regenerating, heavily drained, somewhat resistant to hostile
enchantments, extremely unstealthy
A: damage resistance, recharge devices, sense surroundings 2, slow regeneration
3
a: Device Recharging, Renounce Religion


You were on level 8 of the Dungeon.
You worshipped Makhleb.
Makhleb was aware of your devotion.
You were fainting.

You visited 2 branches of the dungeon, and saw 9 of its levels.

You collected 249 gold pieces.

Inventory:

Hand Weapons
 a - a +0 long sword
 d - a +1 hand axe
 h - a +3 falchion (weapon)
Armour
 j - a +1 ring mail
 r - the +6 scale mail of Impressiveness (worn) {Str+6}
   (You found it on level 4 of the Dungeon)

   It affects your strength (+6).
Jewellery
 l - a ring of magical power (right hand)
Wands
 c - a wand of heal wounds (0/9)
 k - a wand of confusion (8/48)
 p - a wand of heal wounds (3/9)
 q - a wand of disintegration (5/24)
Scrolls
 g - 4 scrolls of blinking
 o - 2 scrolls of teleportation
 s - a scroll of enchant armour
 t - 3 scrolls of amnesia
 u - 3 scrolls of identify
 v - 2 scrolls of enchant weapon
 x - 3 scrolls of remove curse
Potions
 f - a potion of agility
 i - 4 potions of curing
 m - 2 potions of brilliance
Books
 b - a book of Necromancy

   Spells                             Type                      Level
   a - Pain                           Necromancy                   1
   b - Animate Skeleton               Necromancy                   1
   c - Vampiric Draining              Necromancy                   3
   d - Regeneration                   Charms/Necromancy            3
   e - Animate Dead                   Necromancy                   4
   f - Control Undead                 Necromancy                   4
 w - a book of Dreams

   Spells                             Type                      Level
   a - Ensorcelled Hibernation        Hexes/Ice                    2
   b - Silence                        Hexes/Air                    5
   c - Darkness                       Hexes                        6
   d - Shadow Creatures               Summoning                    6


   Skills:
 * Level 5.0(2.7) Fighting
 * Level 5.0(2.8) Long Blades
 - Level 0.4(0.0) Axes
 * Level 6.6(4.2) Armour
 * Level 6.6(4.3) Dodging
 + Level 2.9(0.8) Stealth
   Level 3.2(1.1) Shields
 + Level 5.0(2.7) Spellcasting
 * Level 8.6(6.1) Necromancy
 + Level 5.9(3.6) Invocations
 + Level 0.3(0.0) Evocations


You had 14 spell levels left.
You knew the following spells:

 Your Spells              Type           Power        Failure   Level  Hunger
a - Pain                  Necr           ###.         8%          1    #......
b - Vampiric Draining     Necr           ###.......   17%         3    ###....


Dungeon Overview and Level Annotations

Branches:
Dungeon (8/15)             Temple (1/1) D:6
   Lair: D:8-11

Altars:
Ashenzari
Cheibriados
Dithmenos
Fedhas
Gozag
Kikubaaqudgha
Makhleb
Nemelex Xobeh
Okawaru
Qazlal
Ru
Sif Muna
Trog
Xom
Yredelemnul


Innate Abilities, Weirdness & Mutations

You are resistant to damage.
You can recharge devices by infusing magical energy.
You passively map the area around you.
You do not regenerate naturally.


Message History

You barely miss something.
The giant frog skeleton barely misses you.
The orc priest barely misses you.
The giant frog skeleton hits you but does no damage.
You miss something. The giant frog skeleton hits you.
* * * LOW HITPOINT WARNING * * *
The orc priest barely misses you.
The orc priest calls upon Beogh to heal the orc.
The orc's wounds heal themselves!
You miss something.
The giant frog skeleton barely misses you.
The orc closely misses you. Something hits you but does no damage.
The orc priest hits you but does no damage.
The giant frog skeleton closely misses you.
The crimson imp blinks!
You hit the giant frog skeleton but do no damage.
The giant frog skeleton hits you.
* * * LOW HITPOINT WARNING * * *
The orc priest hits you with a flail!
You die...

#.....)....#
##........## ,
#..........# ,
#..........## * ,
#...........# ,
#........5..#*
#..oo§......# ,
##ooZo....#....
,, ##@.oo..##....
, ,
###o.......>.,
#....##.... ,
######o#.###...,,
#..............
#........##.... *
* #........##..#
,*
#...$.........,
,, #...........#
,


You could see 2 orc priests, a crimson imp, 6 orcs and a giant frog skeleton.

Vanquished Creatures
  A hungry ghost (D:3)
  Menkaure (D:7)
  2 black bears (D:6)
  2 ice beasts
  An orc warrior (D:7)
  3 phantoms
  A centaur (D:8)
  2 giant frogs
  A scorpion (D:5)
  9 wights (D:6)
  2 crimson imps
  A centaur zombie (D:7)
  A hound (D:7)
  An orc priest (D:5)
  3 orc wizards
  An iguana (D:7)
  Terence (D:2)
  5 worker ants
  2 hound zombies
  4 gnolls (D:6)
  A river rat (D:6)
  7 adders
  A shadow imp (D:5)
  An adder skeleton (D:4)
  6 dart slugs
  4 worms
  4 giant geckos
  11 orcs
  9 bats
  7 giant cockroaches
  11 goblins
  10 hobgoblins
  5 jackals
  7 kobolds
  3 quokkas
  4 ball pythons
  A giant gecko skeleton (D:5)
  4 giant newts
  5 rats
145 creatures vanquished.

Notes
Turn   | Place    | Note
--------------------------------------------------------------
     0 | D:1      | Lennu the Deep Dwarf Necromancer began the quest for the Orb.
     0 | D:1      | Reached XP level 1. HP: 15/15 MP: 3/3
   297 | D:1      | Reached XP level 2. HP: 22/22 MP: 1/4
   563 | D:1      | Reached skill level 5 in Necromancy
  1209 | D:1      | Reached XP level 3. HP: 28/28 MP: 4/6
  1461 | D:2      | Learned a level 3 spell: Vampiric Draining
  1733 | D:2      | Reached XP level 4. HP: 34/36 MP: 1/7
  2175 | D:2      | Found an opulent altar of Gozag.
  2346 | D:2      | Noticed Terence
  2370 | D:2      | Killed Terence
  2582 | D:3      | Noticed a hungry ghost
  2649 | D:3      | Killed a hungry ghost
  2649 | D:3      | Reached skill level 1 in Fighting
  2649 | D:3      | Reached XP level 5. HP: 17/44 MP: 9/9
  2684 | D:3      | Found a sacrificial altar of Ru.
  3038 | D:3      | Reached XP level 6. HP: 42/51 MP: 0/11
  3297 | D:3      | Found a shattered altar of Ashenzari.
  3362 | D:3      | Found a shadowy altar of Dithmenos.
  3554 | D:3      | Found a snail-covered altar of Cheibriados.
  3879 | D:4      | Found a snail-covered altar of Cheibriados.
  3906 | D:4      | Found a shimmering altar of Xom.
  4446 | D:4      | Got a dazzling scale mail
  4447 | D:4      | Identified the +6 scale mail of Impressiveness {Str+6} (You found it on level 4 of the Dungeon)
  4814 | D:4      | Reached skill level 1 in Long Blades
  4947 | D:4      | Reached skill level 5 in Armour
  4947 | D:4      | Reached skill level 7 in Necromancy
  4947 | D:4      | Reached skill level 5 in Invocations
  4947 | D:4      | Reached XP level 7. HP: 64/66 MP: 13/13
  4967 | D:5      | Entered Level 5 of the Dungeon
  5818 | D:5      | Reached XP level 8. HP: 32/73 MP: 1/14
  6119 | D:6      | Reached skill level 8 in Necromancy
  6751 | D:6      | Found a staircase to the Ecumenical Temple.
  6757 | Temple   | Entered the Ecumenical Temple
  6825 | Temple   | Became a worshipper of Makhleb the Destroyer
  7935 | D:6      | Gained mutation: You passively map the area around you. [Deep Dwarf growth]
  7935 | D:6      | Reached XP level 9. HP: 36/79 MP: 16/16
  8224 | D:6      | Reached skill level 5 in Long Blades
  8626 | D:7      | Reached * piety under Makhleb
  9176 | D:7      | Noticed Menkaure
  9182 | D:7      | Killed Menkaure
  9473 | D:7      | Found a stormy altar of Qazlal.
  9653 | D:8      | Reached skill level 5 in Fighting
  9668 | D:8      | Reached skill level 5 in Spellcasting
  9721 | D:8      | Slain by an orc priest

Skill      XL: |  1  2  3  4  5  6  7  8  9 |
---------------+----------------------------+-----
Spellcasting   | 2 3 4 5 |  5.0
Necromancy     | 5 7 8 |  8.6
Fighting       | 1 4 5 |  5.0
Armour         | 2 5 6 |  6.6
Dodging        | 3 6 |  6.6
Long Blades    | 4 5 |  5.0
Shields        | 3 |  3.2
Invocations    | 5 |  5.9
Axes           | |  0.4
Stealth        | |  2.9
Evocations     | |  0.3

Action                   |  1- 3 |  4- 6 |  7- 9 || total
-------------------------+-------+-------+-------++-------
Melee: Whip              |     1 |       |       ||     1
       Hand axe          |    37 |    76 |       ||   113
       Long sword        |       |    29 |   187 ||   216
       Falchion          |       |       |   170 ||   170
 Cast: Pain              |    48 |    30 |    39 ||   117
       Vampiric Draining |     7 |    20 |    48 ||    75
Evoke: Wand              |       |     2 |    15 ||    17
  Use: Scroll            |     3 |    10 |     4 ||    17
       Potion            |       |     1 |     6 ||     7
 Stab: Sleeping          |       |     1 |       ||     1
  Eat: Bread ration      |     1 |     1 |       ||     2
       Chunk             |       |    13 |    12 ||    25
       Meat ration       |       |     2 |     2 ||     4
       Pizza             |       |       |     1 ||     1
Armor: Ring mail         |    17 |    46 |       ||    63
       Robe              |     1 |       |       ||     1
       Scale mail        |       |     1 |   297 ||   298
Dodge: Dodged            |    32 |    91 |   339 ||   462
